[Event "Early-Titled-Tuesday-Blitz-August-29-2023"]
[Site "Chess.com"]
[Date "2023.08.29"]
[Round "4"]
[White "DreamsAreFake"]
[Black "mishanick"]
[Result "0-1"]
[WhiteElo "2653"]
[BlackElo "3121"]
[TimeControl "180+1"]
[EndTime "8:40:21 PDT"]
[Termination "mishanick won by resignation"]

1. e4 c5 2. Nf3 d6 3. Bb5+ Nd7 4. O-O a6 5. Bd3 Ngf6 6. Re1 e6 7. c3 b5 8. a4 c4 9. Bc2 Bb7 10. d4 cxd3 11. Qxd3 Nc5 12. Qe2 bxa4 13. Be3 Nfxe4 14. Rxa4 Be7 15. Ra1 O-O 16. b4 Nd7 17. Bd4 d5 18. Bd3 Qc8 19. Nfd2 Ndf6 20. f3 Nd6 21. Nb3 Nb5 22.
Nc5 Nxd4 23. cxd4 a5 24. Nxb7 Qxb7 25. bxa5 Qb4 26. Qf2 Rxa5 27. Rxa5 Qxa5 28. Nd2 Qc3 29. Bb1 Bb4 30. Rd1 Rc8 31. Nf1 Qb3 32. Qe2 Nh5 33.
g3 g6 34. Ne3 Ba5 35. Ng4 Qb8 36. Kg2 Bb6 37. Qe3 Qd6 38. Ne5 Nf6 39. g4 Qb4 40. Qf4 Qe7 41. h4 Nd7 42. Nxd7 Qxd7 43. h5 Bc7 44. Qh6 Rb8 45. hxg6 fxg6 46. Bd3 Qf7 47.
Qe3 Qf6 48. Rc1 Bf4 49. Qe1 Bxc1 50. Qxc1 Qxd4 51. Be2 Qb2 52. Qe3 Re8 53. Kh3 Qf6 54.
Bf1 Re7 55. Qb3 Kg7 56. Bb5 Qf4 57. Bc6 Rf7 58. Kg2 h5 59. gxh5 gxh5 60. Bb5 Rf6 61. Be2 Rg6+ 62. Kf1 Qd4 63. Qb7+ Kh6 64. Bb5 Rg1+ 0-1

[Event "Early-Titled-Tuesday-Blitz-August-29-2023"]
[Site "Chess.com"]
[Date "2023.08.29"]
[Round "4"]
[White "skkeyan1309"]
[Black "platy3"]
[Result "1-0"]
[WhiteElo "2699"]
[BlackElo "2919"]
[TimeControl "180+1"]
[EndTime "8:40:23 PDT"]
[Termination "skkeyan1309 won by resignation"]

1. d4 Nf6 2. c4 e6 3. Nc3 Bb4 4. Qc2 O-O 5. a3 Bxc3+ 6. Qxc3 b6 7. e3 Bb7 8. Nf3 d6 9. b3 Nbd7 10. Bb2 Re8 11. Be2 e5 12. O-O a5 13. Rfd1 Qe7 14. b4 Ne4 15. Qc2 Ng5 16. d5 Nxf3+ 17. Bxf3 Nf6 18. Bc3 axb4 19. axb4 b5 20. cxb5 Rxa1 21.
Bxa1 Qd7 22. Qc4 Ra8 23. Bb2 Ne8 24. e4 Qe7 25. Bc1 Bc8 26. Qc6 Rb8 27. Be2 Bd7 28.
Qa6 Nf6 29. f3 Qd8 30. Be3 Ra8 31. Ba7 Bc8 32. Qa5 Nd7 33. Rc1 Nb6 34. Bxb6 Rxa5 35. Bxa5 Qg5 36. Rxc7 Bh3 37. Kf2 Qxg2+ 38. Ke1 Qg1+ 39.
Kd2 Qd4+ 40. Bd3 h5 41. Kc2 Qf2+ 42. Kb3 Qxf3 43. Rc3 Bf1 44. Bxf1 Qxf1 45. b6 Qb5 46. Rc7 Kh7 47. b7 Kg6 48. Rd7 f5 49. Rxd6+ Kg5 50. Rb6 Qd3+ 51. Ka4 Qc2+ 52. Kb5 Qd3+ 53. Kc6 Qc4+ 54.
Kd7 fxe4 55. b8=Q Qxd5+ 56. Qd6 Qf7+ 57. Qe7+ Qxe7+ 58. Kxe7 e3 59. Re6 Kf5 60. b5 g5 61.
b6 1-0

[Event "Early-Titled-Tuesday-Blitz-August-29-2023"]
[Site "Chess.com"]
[Date "2023.08.29"]
[Round "4"]
[White "cool64chess"]
[Black "CrazyAdvenTures"]
[Result "0-1"]
[WhiteElo "2505"]
[BlackElo "2686"]
[TimeControl "180+1"]
[EndTime "8:40:23 PDT"]
[Termination "CrazyAdvenTures won on time"]

1. d4 Nf6 2. c4 d6 3. Nc3 e5 4. d5 h5 5. e4 g6 6. f3 Bh6 7.
Bxh6 Rxh6 8. Qd2 Rh8 9. f4 exf4 10. Qxf4 Nbd7 11. Nf3 Ng4 12. Be2 a6 13. O-O Qe7 14. h3 Nge5 15. Ng5 Nf8 16. Rf2 Nh7 17. Nxh7 Rxh7 18.
Raf1 Bd7 19. Qe3 Kf8 20. b4 Kg8 21. c5 Rf8 22. Rf6 Bc8 23. cxd6 cxd6 24. b5 Nd7 25.
R6f2 Qe5 26. bxa6 bxa6 27. Na4 Re8 28. Nb6 Nc5 29. Bf3 Nd7 30. Nc4 Qe7 31. Bd1 Ne5 32. Nd2 Bd7 33. Be2 Bb5 34. Bxb5 axb5 35. Qb3 Rb8 36. a4 Qb7 37. axb5 Qxb5 38. Qc3 Qd7 39.
Nf3 Re8 40. Nd4 Qe7 41. Nc6 Qc7 42. Rc2 Nxc6 43. Qxc6 Qa7+ 44. Kh1 Rd8 45. Rcf2 Qe7 46. Qc4 Re8 47. Qd3 Qxe4 48. Qg3 Qe5 49. Qf3 Rg7 50. Rg1 Re7 51. Rgf1 Qe4 52. Qc3 Qxd5 53. Qc8+ Kh7 54. Qf8 Qe6 55. Rf4 Re8 56. Rxf7 Rxf8 57. Rxf8 d5 0-1

[Event "Early-Titled-Tuesday-Blitz-August-29-2023"]
[Site "Chess.com"]
[Date "2023.08.29"]
[Round "4"]
[White "a-z30"]
[Black "SHIVACalypso"]
[Result "1-0"]
[WhiteElo "2363"]
[BlackElo "2494"]
[TimeControl "180+1"]
[EndTime "8:40:25 PDT"]
[Termination "a-z30 won by resignation"]

1. d3 d5 2. Nf3 Nf6 3. g3 e6 4.
Bg2 c5 5. O-O Nc6 6. c4 Be7 7. Bf4 O-O 8. Ne5 Bd7 9. cxd5 exd5 10. Nc3 Nxe5 11. Bxe5 Bc6 12. Qb3 a5 13. Bxf6 Bxf6 14. Nxd5 a4 15. Nxf6+ Qxf6 16. Qb6 Ra6 17. Qxc5 Bxg2 18. Kxg2 Qxb2 19. e4 Rc6 20. Qe3 Qa3 21. d4 Qxe3 22. fxe3 g6 23. Rab1 Rb8 24. Rf2 b5 25.
Rfb2 Rcb6 26. Rb4 Kf8 27. e5 Ke7 28. Kf3 f6 29. exf6+ Rxf6+ 30. Ke4 Rf2 31. Rxa4 bxa4 32. Rxb8 Rxh2 33. a3 Ra2 34. Rb7+ Kf6 35. Rxh7 Rxa3 36.
Ra7 Ra1 37. Ra6+ Kf7 38. Ke5 a3 39. e4 a2 40. Ra7+ Kf8 41. d5 g5 42. g4 Kg8 43. d6 Kf8 44. Ke6 Re1 45. Ra8+ Kg7 46.
Rxa2 Rxe4+ 47. Kd5 Re1 48. Rd2 Kf7 49. Kc6 Ke8 50.
Rd4 Rc1+ 51. Kd5 Kd7 52. Ke5 Rf1 53. Kd5 Re1 54. Re4 Rxe4 55. Kxe4 Kxd6 56. Kf5 Ke7 57. Kxg5 Kf7 58. Kh6 Kf8 59. Kg6 Kg8 60. g5 Kf8 61. Kh7 Kf7 62. g6+ Kf8 63. g7+ 1-0

[Event "Early-Titled-Tuesday-Blitz-August-29-2023"]
[Site "Chess.com"]
[Date "2023.08.29"]
[Round "4"]
[White "sokidze"]
[Black "angryspacevoid"]
[Result "1-0"]
[WhiteElo "2777"]
[BlackElo "2527"]
[TimeControl "180+1"]
[EndTime "8:40:26 PDT"]
[Termination "sokidze won on time"]

1. e4 e5 2. Nf3 Nc6 3. Bb5 f5 4. d3 Nf6 5. O-O Bc5 6. exf5 O-O 7. Bxc6 dxc6 8. Nxe5 Bxf5 9. c3 Qd5 10. d4 Bd6 11. Bf4 Rae8 12. Nd2 c5 13. Ndc4 cxd4 14. Qxd4 Qxd4 15.
cxd4 Nd5 16. Bg3 Be7 17. a3 h5 18. h3 h4 19. Bh2 Bg5 20. Na5 Nf4 21. Bxf4 Bxf4 22.
Nxb7 Rb8 23. Nc5 Rxb2 24. Ned3 Bxd3 25. Nxd3 Rd2 26. Rfd1 Bh6 27. Rxd2 Bxd2 28. Rd1 Bc3 29. Ne5 c5 30. Ng6 Rf6 31. Ne7+ Kf7 32. Nd5 Bxd4 33.
Nxf6 gxf6 34. Kf1 Ke6 35. Ke2 Kd5 36. Rc1 c4 37. Rc2 a5 38. g3 hxg3 39. fxg3 a4 40. h4 Bc5 41. h5 Bxa3 42. Ra2 Bf8 43. Rxa4 Bh6 44. Ra6 Ke5 45. Rc6 Kf5 46. Rxc4 Kg5 47. Rh4 f5 48. Kf3 Bf8 49. Rh1 Bh6 50. Rh2 Bf8 51. Rh1 Bh6 52. Kg2 Bf8 53. Kf2 Bh6 54. Ke2 Bf8 55. Kd3 Bh6 56. Kd4 Kg4 57. Ke5 Kg5 58.
Rf1 Bg7+ 59. Ke6 Kxh5 60. Kxf5 1-0

[Event "Early-Titled-Tuesday-Blitz-August-29-2023"]
[Site "Chess.com"]
[Date "2023.08.29"]
[Round "4"]
[White "jinbojinbo"]
[Black "Shuvalov"]
[Result "0-1"]
[WhiteElo "2678"]
[BlackElo "2476"]
[TimeControl "180+1"]
[EndTime "8:40:27 PDT"]
[Termination "Shuvalov won on time"]

1. Nf3 Nf6 2. c4 g6 3. Nc3 d5 4. cxd5 Nxd5 5. e4 Nxc3 6. bxc3 Bg7 7. d4 c5 8. Be3 Qa5 9. Qd2 O-O 10. Rb1 a6 11.
Rc1 Nd7 12. d5 Nf6 13. c4 Qxd2+ 14. Nxd2 b6 15. h3 e6 16. e5 Nd7 17. f4 Bb7 18.
Be2 exd5 19. Bf3 f6 20. e6 Rfe8 21. cxd5 f5 22. Kf2 Nf6 23. Nc4 Bxd5 24. Nxb6 Rad8 25. Nxd5 Nxd5 26. Bxc5 Nxf4 27. e7 Nd3+ 28. Ke2 Nxc5 29. Rxc5 Rxe7+ 30. Kf1 Rd2 31. Bd5+ Kf8 32. Rc8+ Re8 33.
Rxe8+ Kxe8 34. Bb3 Rb2 35. g4 f4 36. h4 Bd4 37. Rh3 Be3 38. Rf3 Ke7 39. h5 gxh5 40.
gxh5 h6 41. Ke1 Kf6 42. Bc4 a5 43. a4 Kf5 44. Bb5 Kg4 45. Bc6 Rc2 46. Ba8 Rb2 47. Rf1 Ra2 48. Bf3+ Kf5 49. Bc6 Rc2 50. Bb5 Ke5 51. Kd1 Ra2 52. Bc6 Kd4 53. Bb5 Ke4 54. Bc6+ Kd3 55. Bb5+ Kd4 56. Rf3 Rd2+ 57. Ke1 Rc2 58.
Kf1 Ke4 59. Rh3 f3 60. Rh4+ Bf4 61. Bd3+ Kxd3 62. Rxf4 Ke3 0-1

[Event "Early-Titled-Tuesday-Blitz-August-29-2023"]
[Site "Chess.com"]
[Date "2023.08.29"]
[Round "4"]
[White "Zq1"]
[Black "Witik"]
[Result "0-1"]
[WhiteElo "2531"]
[BlackElo "2788"]
[TimeControl "180+1"]
[EndTime "8:40:33 PDT"]
[Termination "Witik won on time"]

1. d4 Nf6 2. c4 g6 3. Nc3 Bg7 4.
e4 d6 5. Nf3 O-O 6. Be2 e5 7.
O-O Na6 8. Re1 Bg4 9. Be3 exd4 10. Nxd4 Bxe2 11. Qxe2 Re8 12. f3 c6 13. Rad1 Qc7 14. Nb3 Rad8 15. Qf2 b6 16. Rd2 Nd7 17. Red1 Ne5 18. Qf1 Nc5 19. Nd4 f5 20. exf5 Qf7 21.
fxg6 Qxc4 22. gxh7+ Kh8 23. Nf5 Bf8 24. Nxd6 Qxf1+ 25. Kxf1 Rxd6 26. Rxd6 Bxd6 27. Rxd6 Nc4 28. Bd4+ Kxh7 29.
Rf6 Ne6 30. Bf2 Nxb2 31. Ne4 Kg7 32. Rf5 c5 33. h4 Nd3 34. Bg3 Rd8 35. Ng5 Nd4 36.
Rf7+ Kg6 37. Rxa7 c4 38. Rc7 b5 39. Nf7 Rd5 40. Ng5 Nf5 41. Bf2 b4 42. Rc6+ Kg7 43.
Ne6+ Kf7 44. Ng5+ Ke7 45. Rxc4 Ra5 46. Re4+ Kf8 47. Re2 b3 48. axb3 Ra1+ 49. Re1 Ne3+ 50. Ke2 Nxe1 51. Bxe1 Nxg2 52. Bb4+ Kg8 53. h5 Nf4+ 54.
Ke3 Nxh5 55. Ke4 Rb1 56. Bd6 Rxb3 57. Kf5 Ng7+ 58. Kg6 Rb6 59. Ne4 Ne8 60. f4 Nxd6 61. Nf6+ Kh8 62. Ng4 Nb5+ 63. Kf7 Nd6+ 64. Kg6 Ne4+ 65.
Kf7 Ng3 66. Ke7 Rg6 0-1

[Event "Early-Titled-Tuesday-Blitz-August-29-2023"]
[Site "Chess.com"]
[Date "2023.08.29"]
[Round "4"]
[White "bazar-wokzal"]
[Black "ProfessorChess101"]
[Result "0-1"]
[WhiteElo "2585"]
[BlackElo "2428"]
[TimeControl "180+1"]
[EndTime "8:40:36 PDT"]
[Termination "ProfessorChess101 won on time"]

1. e4 c5 2. c3 Nf6 3. e5 Nd5 4. d4 cxd4 5. cxd4 e6 6. Nc3 Nxc3 7. bxc3 d6 8. f4 Qc7 9. Bd2 b6 10. Nf3 Be7 11. Bd3 O-O 12. h4 h6 13. Qe2 a5 14.
Qe4 f5 15. exf6 Rxf6 16. Qxa8 Bb7 17. Qxb7 Qxb7 18. O-O Nd7 19. Rae1 Nf8 20. c4 Rf7 21.
g4 g6 22. Kh2 Bd8 23. Kg3 Qb8 24. d5 e5 25. f5 g5 26. hxg5 hxg5 27. Bxg5 Nh7 28.
Bh6 Qc8 29. Rh1 Qc5 30. Be3 Qa3 31. Bb1 Rg7 32. Rh6 Nf6 33. g5 e4 34. Kf4 Nxd5+ 35.
cxd5 exf3 36. f6 Qb4+ 37. Kxf3 Qxe1 38. fxg7 Kxg7 39. Rg6+ Kf7 40. Be4 Qf1+ 41. Bf2 Qd1+ 42. Kg3 Qd2 43. Re6 Bxg5 44. Bg6+ Kg7 45. Be4 Qf4+ 46.
Kg2 Qg4+ 47. Kf1 Bf6 48. Bg2 Qd1+ 49. Be1 Qd3+ 50. Kg1 Bd4+ 51. Kh2 Be5+ 52. Kg1 Qe3+ 53. Bf2 Qc1+ 54. Bf1 Qg5+ 55. Bg2 Qh5 56. Kf1 Qd1+ 57. Be1 Qd3+ 58. Kg1 Qe3+ 59. Kf1 Qf4+ 60. Kg1 Bd4+ 61. Kh1 Qg4 62. Re7+ Kf8 63. Re6 Qh5+ 0-1

[Event "Early-Titled-Tuesday-Blitz-August-29-2023"]
[Site "Chess.com"]
[Date "2023.08.29"]
[Round "4"]
[White "reniite"]
[Black "AquivaRubinstein"]
[Result "1-0"]
[WhiteElo "2327"]
[BlackElo "2474"]
[TimeControl "180+1"]
[EndTime "8:40:39 PDT"]
[Termination "reniite won by resignation"]

1. e4 Nf6 2. e5 Nd5 3. Nc3 e6 4. Nxd5 exd5 5. d4 d6 6. Nf3 Be7 7. Bf4 O-O 8. Qd2 c5 9. exd6 Bxd6 10. Bxd6 Qxd6 11. dxc5 Qxc5 12. Be2 Nc6 13. O-O-O Bf5 14.
c3 Nb4 15. b3 Nxa2+ 16. Kb2 Nxc3 17. Qxc3 Qxf2 18. Rd2 Rac8 19. Bc4 Qb6 20. Rxd5 Be6 21.
Rd4 Bxc4 22. Rxc4 Rcd8 23. Rc1 h6 24. Rc2 Rfe8 25. Rg4 g6 26. Ne5 Re6 27. Nc4 Qb5 28. Rd4 Rde8 29. Rcd2 Qa6 30. Rd6 Rxd6 31. Rxd6 Qb5 32.
Rd2 Qa6 33. Nd6 Rd8 34. Qc4 Qxc4 35. Nxc4 Re8 36. Kc3 b5 37. Nd6 Re5 38. Kd4 Rh5 39.
Nxb5 Rxb5 40. Kc4 Rb8 41. h3 Kg7 42. b4 h5 43. Rd7 Rc8+ 44. Kb5 Rc2 45. Rxa7 Rxg2 46. Ra3 h4 47. Kb6 Rg3 48. Ra2 Rxh3 49. Rb2 Rd3 50. Kc5 h3 51. b5 Rg3 52. b6 Rg2 53. Rb1 Rg5+ 54. Kc6 Re5 55. Kd7 Rd5+ 56. Kc6 Rd8 57. Kc7 Re8 58. b7 g5 59. b8=Q Rxb8 60.
Kxb8 g4 61. Rh1 f5 62. Kc7 Kg6 63. Kd6 Kg5 64. Ke5 f4 65. Ke4 Kh4 66. Kxf4 g3 67.
Kf3 g2 68. Rc1 h2 69. Kxg2 Kg4 70. Rh1 Kf4 71. Rxh2 Kg4 72. Rh3 Kg5 73. Rf3 Kg4 74. Re3 Kg5 75. Kf2 Kg4 76. Ke2 Kg5 77. Rf3 Kg6 78. Ke3 Kg5 79. Ke4 Kg6 80. Rf4 Kg5 1-0

[Event "Early-Titled-Tuesday-Blitz-August-29-2023"]
[Site "Chess.com"]
[Date "2023.08.29"]
[Round "4"]
[White "guillembaches"]
[Black "Arek_pacitan"]
[Result "1-0"]
[WhiteElo "2443"]
[BlackElo "2608"]
[TimeControl "180+1"]
[EndTime "8:40:41 PDT"]
[Termination "guillembaches won on time"]

1. e4 e5 2. Nf3 Nc6 3. Nc3 Nf6 4. d4 exd4 5. Nxd4 Bb4 6. Nxc6 bxc6 7. Bd3 d5 8. Bd2 O-O 9. O-O Bxc3 10. Bxc3 dxe4 11. Bxf6 Qxf6 12. Bxe4 Qxb2 13. Bxc6 Ba6 14. Rb1 Qc3 15. Bxa8 Bxf1 16. Qxf1 Rxa8 17. Qd3 Qc6 18. Rd1 g6 19. Qd5 Qxd5 20. Rxd5 Rb8 21. g3 Kf8 22. Rc5 Rb7 23. Kg2 Ke7 24. Kf3 Kd6 25. Ra5 Kc6 26. h4 h5 27. Ra6+ Kd5 28. Ke3 c5 29.
Kd3 Rc7 30. Kc3 Re7 31. Rf6 Rb7 32. a4 Rc7 33. a5 Ke5 34. Ra6 c4 35. Kd2 Ke4 36.
Ke2 c3 37. Rf6 Kd4 38. a6 Re7+ 39. Kd1 Kc5 40. f3 Rd7+ 41. Ke1 Kb5 42. g4 Rd2 43.
Rxf7 Kxa6 44. Rf6+ Kb5 45. Rxg6 hxg4 46. fxg4 Rxc2 47.
h5 Rh2 48. Kd1 a5 49. h6 a4 50. g5 a3 51. Rg8 Kb4 52. Rb8+ Kc4 53. Ra8 Kb3 54.
Rb8+ Ka2 55. Kc1 Ka1 56. Rb7 a2 57. Rb8 Rb2 58. Rc8 Rb1+ 59. Kc2 Rh1 60. Rc7 1-0

[Event "Early-Titled-Tuesday-Blitz-August-29-2023"]
[Site "Chess.com"]
[Date "2023.08.29"]
[Round "4"]
[White "Actuary44"]
[Black "ChessicallyInclined"]
[Result "1-0"]
[WhiteElo "2500"]
[BlackElo "2704"]
[TimeControl "180+1"]
[EndTime "8:40:42 PDT"]
[Termination "Actuary44 won by resignation"]

1. e4 e5 2. Nf3 Nc6 3. Bb5 a6 4. Ba4 Nf6 5. d3 b5 6. Bb3 Be7 7. a4 Rb8 8. axb5 axb5 9. O-O O-O 10. c3 d6 11. h3 h6 12. Re1 Be6 13. Nbd2 b4 14.
Ba4 bxc3 15. bxc3 Bd7 16. Nf1 Re8 17. Ng3 Bf8 18. Nh4 Ne7 19. Bxd7 Qxd7 20. Nhf5 Nxf5 21.
Nxf5 Kh7 22. Qf3 Ng8 23. Ra7 Ra8 24. Rxa8 Rxa8 25. Be3 g6 26. Ng3 Bg7 27. h4 h5 28.
Rb1 Nf6 29. Bg5 Ng4 30. Qe2 Qc6 31. f3 Nf6 32. Qd2 Ra3 33. Ne2 Qa6 34. Kh2 Nd7 35. d4 Ra2 36. Rb2 Rxb2 37. Qxb2 Nb6 38. d5 Qd3 39. Qd2 Qc4 40. Nc1 Na4 41. Qa2 Qxa2 42. Nxa2 f6 43. Bd2 Nb6 44. Nb4 Nc4 45. Bc1 Kg8 46. Na6 Kf7 47. Nxc7 Bf8 48. Nb5 Be7 49. g3 Ke8 50. Kg2 Kd7 51. Kf2 Kc8 52. Ke2 Kb7 53.
Kd3 Na5 54. Ba3 Nb3 55. Bxd6 Bd8 56. Bf8 Bb6 57. Nd6+ Ka6 58. Ne8 Nc1+ 59. Kc2 Ne2 60. Nxf6 Nxg3 61. Nd7 Bc7 62. d6 Bd8 63. Nxe5 Bxh4 64.
Nxg6 Bd8 65. Be7 Bb6 66. d7 Nf1 67. d8=Q Bxd8 68. Bxd8 Nh2 69. Kd3 Nxf3 70. e5 Kb7 71. e6 Kc6 72. Ke4 Kd6 73. Kxf3 Kxe6 74. Nf4+ Kd6 75.
Bf6 Kc5 76. Bd4+ 1-0

[Event "Early-Titled-Tuesday-Blitz-August-29-2023"]
[Site "Chess.com"]
[Date "2023.08.29"]
[Round "4"]
[White "vladgoncharov"]
[Black "BahadirOzen"]
[Result "1/2-1/2"]
[WhiteElo "2570"]
[BlackElo "2803"]
[TimeControl "180+1"]
[EndTime "8:40:44 PDT"]
[Termination "Game drawn by agreement"]

1. d4 a6 2. e4 c6 3. Nf3 d5 4. Bd3 dxe4 5. Bxe4 Nf6 6. Bd3 Bg4 7. Nbd2 e6 8. h3 Bh5 9. c3 Nbd7 10. Qe2 Be7 11. O-O O-O 12. Ne4 c5 13. Nxf6+ Nxf6 14. dxc5 Bxc5 15. Bg5 Qd5 16. Bxf6 Bxf3 17. gxf3 gxf6 18. Qe4 Qxe4 19. fxe4 Rfd8 20. Rad1 a5 21. Kg2 Kf8 22. Kf3 Ke7 23. Ke2 Rg8 24. Rg1 Rad8 25. Rg4 h5 26. Rxg8 Rxg8 27. Kf3 Rg5 28. a4 b6 29. Bb5 Bd6 30. Rd4 Rc5 31. Rc4 Rxc4 32. Bxc4 Bc5 33. Be2 Kf8 34. Kf4 h4 35. Kf3 Kg7 36. Bb5 Kg6 37. Bd3 Kg5 38. Be2 f5 39. exf5 Kxf5 40.
Bd3+ Ke5 41. Ke2 f5 42. Bb5 Kf4 43. Bd7 e5 44. Bc8 e4 45. Bd7 Ke5 46. Bc8 Be7 47. Bd7 Bg5 48. b3 Bc1 49. Be8 Bb2 50. f3 Bxc3 51. fxe4 Kxe4 52. Bg6 Bb4 53. Kf2 Kf4 54.
Bh7 Bc5+ 55. Kg2 Ke4 56. Bg6 Bd4 57. Bh7 Ke5 58. Kf3 Bc5 59. Bg6 Bd6 60. Be8 Kd4 61.
Bf7 Kc3 62. Bg8 Kb2 63. Be6 Bc7 64. Bf7 Ka3 65. Be6 Kb4 66. Bf7 Kc5 67. Be6 Kb4 68.
Bf7 Bb8 69. Be6 Bd6 70. Bf7 b5 71. axb5 Kxb5 72. Be6 Kb4 73. Bf7 Bc7 74. Be6 Kc3 75. Bf7 Bb8 76. Be6 Kb4 77. Bf7 a4 78. bxa4 Kxa4 79.
Be6 Bg3 80. Bxf5 Ka3 1/2-1/2

[Event "Early-Titled-Tuesday-Blitz-August-29-2023"]
[Site "Chess.com"]
[Date "2023.08.29"]
[Round "4"]
[White "Bauman_Guy"]
[Black "Doomfist26"]
[Result "1/2-1/2"]
[WhiteElo "2802"]
[BlackElo "2568"]
[TimeControl "180+1"]
[EndTime "8:40:45 PDT"]
[Termination "Game drawn by repetition"]

1. e4 e6 2. d4 d5 3. Nc3 Nf6 4. Bg5 Be7 5. e5 Nfd7 6. Bxe7 Qxe7 7. f4 O-O 8. Nf3 c5 9. Nb5 Nc6 10. Nd6 cxd4 11. Qd2 f6 12. O-O-O fxe5 13. fxe5 Ndxe5 14. Nxe5 Qxd6 15. Nf3 e5 16. Kb1 Bf5 17. Nh4 Bg4 18.
Be2 Bxe2 19. Qxe2 e4 20. g4 Qe5 21. Nf5 g6 22. Ng3 Rac8 23. a3 d3 24. cxd3 Nd4 25. Qe1 Rc2 26. Rf1 Rfc8 27. Qb4 e3 28. Rde1 Rxh2 29.
Qxb7 Rb8 30. Qf7+ Kh8 31. b4 Nf5 32. Ne2 Nd6 33. Qf6+ Qxf6 34. Rxf6 Nb5 35. Rf3 Rxe2 36. Rxe2 Nc3+ 37. Kb2 Nxe2 38. Rxe3 Nd4 39. Kc3 Nb5+ 40.
Kb3 Rd8 41. a4 Nd4+ 42. Kc3 Nc6 43. Re6 Rc8 44. Rd6 d4+ 45. Kb3 a6 46. b5 axb5 47. axb5 Ne5 48. Rxd4 Kg7 49. Kb4 Kf6 50. Ka5 h5 51. gxh5 gxh5 52. Rd6+ Kg5 53. b6 h4 54.
b7 Rb8 55. Kb6 h3 56. Rd5 Kf4 57. Rd4+ Kg3 58. Ra4 h2 59. Ra1 Nxd3 60. Kc7 Rxb7+ 61. Kxb7 Nf2 62. Kc6 Kg2 63. Kd5 Nh3 64. Ra2+ Nf2 65.
Ra1 Nh3 66. Ra2+ Nf2 67. Ra1 1/2-1/2

[Event "Early-Titled-Tuesday-Blitz-August-29-2023"]
[Site "Chess.com"]
[Date "2023.08.29"]
[Round "4"]
[White "masterofpuppets2"]
[Black "leopato"]
[Result "1-0"]
[WhiteElo "2447"]
[BlackElo "2141"]
[TimeControl "180+1"]
[EndTime "8:40:45 PDT"]
[Termination "masterofpuppets2 won by resignation"]

1. d4 Nf6 2. c4 e6 3. Nf3 Bb4+ 4. Bd2 Qe7 5. Nc3 O-O 6. g3 d6 7. Bg2 e5 8. O-O Nc6 9. Nd5 Nxd5 10. cxd5 Bxd2 11. dxc6 Ba5 12. dxe5 dxe5 13. Qd5 Qb4 14. a3 Qb6 15. b4 bxc6 16. Qxe5 Bxb4 17. axb4 Qxb4 18.
Qxc7 Be6 19. Qxc6 a5 20. Rfb1 Qe7 21. Nd4 Rac8 22. Qa6 Bc4 23. Qxa5 Rfd8 24. e3 Bd3 25. Rb7 Qf6 26. Rb6 Rd6 27. Rxd6 Qxd6 28. Qd2 Bg6 29. Rc1 Rd8 30. Qc3 h5 31. h4 Kh7 32. Qc7 Qf6 33. Qf4 Qb6 34. Kh2 Qb2 35. Re1 Qd2 36. Nf3 Qc3 37. Rf1 f6 38. Bh3 Qd3 39. Re1 Kg8 40. Be6+ Kh8 41. Nd4 Qd2 42. Rf1 Bd3 43. Kg1 Bxf1 44.
Kxf1 Qd1+ 45. Kg2 Qa4 46. Qf5 Qa8+ 47. Kh2 g6 48. Qxf6+ Kh7 49. Qf7+ Kh6 50. Qf4+ Kg7 51. Qe5+ Kh6 52. Bh3 Rf8 53. Qg5+ Kh7 54. Qe7+ Kh6 55. f3 Qa2+ 56. Bg2 Rf5 57. Qg5+ Rxg5 58. hxg5+ Kxg5 59.
f4+ Kf6 60. e4 Kg7 61. e5 Qb2 62. Ne6+ Kf7 63. Ng5+ Kg8 64. e6 Qd2 65. Kh3 Qd3 66. e7 Qf5+ 67. Kh2 Qc8 68. Bd5+ Kg7 69. Ne6+ Kh6 70. Nc7 Qe8 71. Nxe8 1-0

[Event "Early-Titled-Tuesday-Blitz-August-29-2023"]
[Site "Chess.com"]
[Date "2023.08.29"]
[Round "4"]
[White "GP9isback23"]
[Black "valemava"]
[Result "1-0"]
[WhiteElo "2640"]
[BlackElo "2327"]
[TimeControl "180+1"]
[EndTime "8:40:49 PDT"]
[Termination "GP9isback23 won by resignation"]

1. Nf3 d5 2. d4 e6 3. c4 dxc4 4. e3 a6 5. Bxc4 Nf6 6. O-O c5 7. Qe2 b5 8. Bd3 cxd4 9. Rd1 Bb7 10. a4 b4 11. exd4 Be7 12. Ne5 O-O 13. Nd2 Nc6 14.
Ndf3 Kh8 15. Be3 h6 16. Rac1 Na5 17. Nd2 Qd5 18. f3 Nb3 19. Bc4 Nxc1 20. Rxc1 Qd8 21. Bd3 Nd5 22. Bb1 f5 23. Ng6+ Kg8 24. Nxf8 Qxf8 25.
Bf2 Qf6 26. Nb3 Rc8 27. Rxc8+ Bxc8 28. Nc5 a5 29. Ba2 Nf4 30. Qe5 Qxe5 31. dxe5 Kf7 32. Bc4 Ng6 33. Nd3 Bd8 34. b3 Bc7 35. f4 Ne7 36. Nc5 Nc6 37. g3 g5 38. Be3 g4 39.
Kf2 h5 40. Ke2 h4 41. Kd3 h3 42. Ke2 Ke7 43. Bf2 Bb6 44. Kd3 Ba7 45. Bb5 Nb8 46.
Be3 Bxc5 47. Bxc5+ Kd8 48. Bb6+ Ke7 49. Bxa5 Ba6 50. Bxb4+ Kd8 51. Kc4 Bb7 52. Bd6 Nc6 53. Bxc6 Bxc6 54. Kc5 Kd7 55. Bb8 Bd5 56. b4 Kc8 57. Bd6 Kb7 58. b5 Ka7 59. a5 Kb7 60. a6+ Ka8 61. Bc7 Ka7 62. Ba5 Ka8 63. Bb4 Be4 64.
Kd6 Bd5 65. b6 Be4 66. b7+ Bxb7 67. axb7+ Kxb7 68. Kxe6 Kc6 69. Kxf5 Kb5 70. Kxg4 Kc4 71. Kxh3 Kxb4 72. Kg2 Kc5 73. h3 Kd5 74. h4 Ke6 75. Kf3 Kf5 76. g4+ Kg6 77. h5+ Kh6 78. Kg3 Kg7 79.
Kh4 Kf7 80. g5 Ke6 81. Kg4 Kf7 82. f5 Kg7 83. Kf4 Kh7 84. Ke4 Kg7 85. e6 Kg8 86.
Ke5 Kg7 87. f6+ Kh7 88. Kf5 Kg8 89. g6 Kf8 90. h6 Ke8 91. h7 Kd8 92. h8=Q+ Kc7 93.
Qg7+ Kc6 94. Qd7+ Kc5 95. Ke5 Kb6 96. Qc8 Kb5 97. Qc7 Kb4 98. Qc6 Kb3 99. Qc5 Kb2 100. Qc4 Ka3 101. Qb5 Ka2 102. Kd4 Ka1 103. e7 Ka2 104.
f7 1-0

[Event "Early-Titled-Tuesday-Blitz-August-29-2023"]
[Site "Chess.com"]
[Date "2023.08.29"]
[Round "4"]
[White "assezde36"]
[Black "BilodeauA"]
[Result "1/2-1/2"]
[WhiteElo "2827"]
[BlackElo "2938"]
[TimeControl "180+1"]
[EndTime "8:40:55 PDT"]
[Termination "Game drawn - insufficient material"]

1. d4 d5 2. Nf3 Nf6 3. Bf4 e6 4.
e3 Bd6 5. Bxd6 cxd6 6. c4 dxc4 7.
Bxc4 b6 8. Nc3 Bb7 9. O-O a6 10. Bd3 Nbd7 11. e4 e5 12. Rc1 O-O 13. Re1 b5 14. b4 Rc8 15. a4 bxa4 16. Qxa4 Qb6 17. Qa5 Rfe8 18. dxe5 dxe5 19. h3 Qxa5 20. bxa5 Rc5 21.
Nd2 Rec8 22. Ne2 Kf8 23. f3 Ke7 24. Nb3 Rxc1 25. Rxc1 Rxc1+ 26. Nexc1 Kd6 27. Kf2 Nc5 28. Ke3 Nfd7 29. Bc4 f6 30. Nd3 Nxd3 31. Kxd3 Nb8 32. h4 h6 33. g3 Bc6 34. Kc3 Ba4 35. Nc1 Bd1 36. f4 Ba4 37. Kb4 Bc6 38. Bd3 Bb7 39. Nb3 Nc6+ 40. Kc3 Nd8 41. Bc4 g5 42. hxg5 hxg5 43.
fxg5 fxg5 44. Nd2 Nc6 45. Nb3 Nb8 46. Bd3 Nd7 47. Kb4 Nb8 48. Kc3 Bc8 49. Nd2 Nc6 50. Nc4+ Kc5 51. Nb6 Bb7 52. Nd7+ Kd6 53. Nf6 Nxa5 54.
Nh7 g4 55. Nf6 Bc8 56. Be2 Ke7 57. Bxg4 Kxf6 58. Bxc8 Nc6 59. Bxa6 Nd4 60. Bc4 Kg5 61. Bd5 Kg4 62. Kc4 Kxg3 63. Kc5 Kf4 64. Kd6 Nf3 65. Kc5 Nd2 66. Kb4 Ke3 67. Kc3 Nxe4+ 68. Kc2 Nf6 69.
Ba8 Ng4 70. Kc3 Nf2 71. Kc2 Kd4 72. Kd2 Ng4 73. Ke2 Ne3 74. Bb7 Nc4 75. Ba8 Nb6 76.
Bb7 e4 77. Bxe4 1/2-1/2

[Event "Early-Titled-Tuesday-Blitz-August-29-2023"]
[Site "Chess.com"]
[Date "2023.08.29"]
[Round "4"]
[White "kirillshevchenko"]
[Black "baki83"]
[Result "0-1"]
[WhiteElo "2973"]
[BlackElo "2844"]
[TimeControl "180+1"]
[EndTime "8:40:56 PDT"]
[Termination "baki83 won on time"]

1. d4 d5 2. c4 c6 3. Nc3 Nf6 4. cxd5 cxd5 5. Bg5 Nc6 6. Bxf6 exf6 7. e3 Be6 8. Nge2 Bd6 9. g3 h5 10. Bg2 h4 11.
Qb3 Bb4 12. O-O hxg3 13. hxg3 Qd7 14. Nf4 Bxc3 15. bxc3 Rd8 16. Rab1 b6 17. Qb5 g5 18. Nxe6 fxe6 19. c4 Ne7 20. Qb3 dxc4 21. Qxc4 Kf7 22. Rbc1 Rc8 23. Qd3 Kg7 24. Rcd1 Rc7 25. e4 Rhc8 26.
d5 Rc3 27. Qe2 e5 28. d6 Ng6 29. Bf3 Rc2 30. Rd2 Rxd2 31. Qxd2 Rd8 32. Rd1 Nh8 33. Qe2 Nf7 34. Bg4 Qa4 35. d7 Nh6 36. Be6 Qc6 37. Bh3 a5 38. Rd5 a4 39. Qh5 Qc1+ 40. Kg2 Qc6 41. Kh2 Qc2 42. Kg1 Qxe4 43. Qe8 Qe1+ 44. Kg2 Qe4+ 45. Kh2 Rxe8 46. dxe8=Q Qxd5 47. Be6 Qd6 48. Bc4 a3 49. Bb3 Qf8 50. Qd7+ Kg6 51.
Bc2+ f5 52. Qd6+ Qf6 53. Qxa3 e4 54. Qa8 Ng4+ 55. Kg2 Qf7 56. Qc6+ Nf6 57. Bb3 Qe7 58. Qc8 e3 59. fxe3 Qe4+ 60. Kf1 Qf3+ 61. Ke1 Qxe3+ 62. Kd1 Qd3+ 63. Kc1 Qxg3 64. Bc2 Qf4+ 65. Kb1 Qf1+ 66. Kb2 Qb5+ 67. Ka1 Qe5+ 68. Kb1 b5 69. Qd8 g4 70. Qb6 g3 71. Qc6 Kg5 72. Qf3 Qf4 73. Qg2 Qf2 74. Qh3 g2 75. Kb2 g1=Q 76. Qh8 Qd4+ 77. Kb3 Qc4+ 0-1